 Dungeon Crawl Stone Soup version 0.21.1-1-g345015fe64 (webtiles) character file.

67144 Jens78 the Protected (level 14, -13/133 HPs)
             Began as a Deep Dwarf Fighter on June 12, 2018.
             Was a High Priest of Makhleb.
             Mangled by Donald
             ... wielding a +1 demon trident of electrocution
              (33 damage)
             ... on level 3 of the Swamp on June 13, 2018.
             The game lasted 04:22:38 (16395 turns).

Jens78 the Protected (Deep Dwarf Fighter)          Turns: 16395, Time: 04:22:39

Health: -13/133    AC: 32    Str: 33    XL:     14   Next: 81%
Magic:  4/4        EV:  9    Int:  9    God:    Makhleb [*****.]
Gold:   1264       SH:  0    Dex: 13    Spells: 13/13 levels left

rFire    + . .     SeeInvis .   D - +1 executioner's axe (distort)
rCold    + . .     Gourm    .   (shield currently unavailable)
rNeg     + . .     Faith    .   x - +7 storm dragon scales
rPois    +         Spirit   .   N - +2 helmet of the New World {-Tele rPois Str+8 Int-3}
rElec    +         Reflect  .   P - +0 cloak of the Leaf {MR+}
rCorr    .         Harm     +   (no gloves)
MR       +++..     NoTele   +   s - +2 pair of boots
Stlth    ..........             w - amulet "Debbuj" {Harm *Drain rPois rF+ Int+3 Dex-3}
HPRegen  0.00/turn              X - ring of protection from cold
MPRegen  0.09/turn              U - +4 ring of dexterity

@: non-regenerating
A: damage resistance, heal wounds, negative energy resistance 1, sense
surroundings 2, no regeneration
a: Heal Wounds, Minor Destruction, Lesser Servant of Makhleb, Major Destruction,
Greater Servant of Makhleb, Renounce Religion


You were on level 3 of the Swamp.
You worshipped Makhleb.
Makhleb was extremely pleased with you.
You were not hungry.

You visited 4 branches of the dungeon, and saw 22 of its levels.

You collected 1264 gold pieces.

Inventory:

Hand Weapons
 d - a +2 antimagic hand axe
 k - a +5 dire flail of draining
 D - a +1 executioner's axe of distortion (weapon)
 K - a +4 morningstar
 R - the +1 flail of the Well-Known Moons {vamp, +Blink}
   (You found it on level 1 of the Lair of Beasts)

   It inflicts no extra harm, but heals its wielder when it wounds a living foe.
   It lets you blink.
Missiles
 B - 22 tomahawks (quivered)
Armour
 n - a +0 cloak of poison resistance
 s - a +2 pair of boots (worn)
 x - +7 storm dragon scales (worn)
 N - the +2 helmet of the New World (worn) {-Tele rPois Str+8 Int-3}
   (You found it on level 11 of the Dungeon)

   It affects your strength (+8).
   It affects your intelligence (-3).
   It protects you from poison.
   It prevents most forms of teleportation.
 P - the +0 cloak of the Leaf (worn) {MR+}
   (You found it on level 5 of the Dungeon)

   It affects your resistance to hostile enchantments.
 Q - a +1 ring mail of fire resistance
 W - +2 acid dragon scales
Jewellery
 b - an uncursed ring of protection from magic
 i - the ring of Anoxeock {Fire Int+7}
   (You found it on level 4 of the Dungeon)

   [ring of fire]

   It enhances your fire magic.
   It affects your intelligence (+7).
   It protects you from fire.
   It makes you vulnerable to cold.
 p - an uncursed ring of ice
 w - the amulet "Debbuj" (around neck) {Harm *Drain rPois rF+ Int+3 Dex-3}
   (You acquired it on level 2 of the Swamp)

   [amulet of harm]

   It increases damage dealt and taken.
   It affects your intelligence (+3).
   It affects your dexterity (-3).
   It protects you from fire.
   It protects you from poison.
   It causes draining when unequipped.
 y - an uncursed ring of poison resistance
 E - an uncursed ring of resist corrosion
 U - a +4 ring of dexterity (right hand)
 X - a ring of protection from cold (left hand)
Wands
 g - a wand of enslavement (49)
 j - a wand of clouds (5)
 A - a wand of iceblast (27)
 C - a wand of paralysis (22)
 H - a wand of disintegration (10)
 V - a wand of flame (126)
 Y - a wand of random effects (42)
 Z - a wand of digging (13)
Scrolls
 m - 13 scrolls of teleportation
 o - 3 scrolls of identify
 q - 6 scrolls of remove curse
 v - 5 scrolls of amnesia
 F - a scroll of fear
Potions
 a - a potion of resistance
 e - 3 potions of brilliance
 h - 8 potions of curing
 l - a potion of might
 u - 3 potions of magic
 I - a potion of agility {unknown}
 J - a potion of invisibility
 O - 3 potions of cancellation
 T - a potion of haste
Books
 r - a book of Geomancy

   Spells                             Type                      Level
   a - Sandblast                      Earth                        1
   b - Passwall                       Transmutation/Earth          2
   c - Stone Arrow                    Conjuration/Earth            3
   d - Petrify                        Transmutation/Earth          4
   e - Lee's Rapid Deconstruction     Earth                        5
Miscellaneous
 L - a box of beasts
Comestibles
 f - 36 rations


   Skills:
 + Level 10.4 Fighting
 * Level 14.1(15.8) Axes
 - Level 11.7(14.0) Maces & Flails
 * Level 14.2 Armour
   Level 8.1 Shields
 - Level 5.0 Invocations
 - Level 7.0 Evocations


You had 13 spell levels left.
You didn't know any spells.

Dungeon Overview and Level Annotations

Branches:
Dungeon (13/15)            Temple (1/1) D:7            Lair (4/6) D:11
  Swamp (4/4) Lair:2       Spider (0/4) Lair:4          Orc (0/2) D:11
 Vaults: D:13-14

Altars:
Ashenzari
Cheibriados
Dithmenos
Elyvilon
Fedhas
Gozag
Hepliaklqana
Kikubaaqudgha
Makhleb
Nemelex Xobeh
Okawaru
Qazlal
Ru
Sif Muna
Trog
Uskayaw
Vehumet
Wu Jian
Xom
Yredelemnul
Zin
The Shining One

Shops:
D:5 }   D:7 [   D:8 [

Annotations:
D:4 exclusion: 2 downstairs
D:6 exclusion: oklob plant
D:9 exclusion: downstairs
D:10 exclusion: downstairs
Swamp:3 Donald


Innate Abilities, Weirdness & Mutations

You are resistant to damage.
You can heal yourself by infusing magical energy.
You resist negative energy. (rN+)
You passively map the area around you.
You do not regenerate.


Message History

The spriggan rider hits you but does no damage.
The swamp dragon bites you. The swamp dragon claws you!
* * * LOW HITPOINT WARNING * * *
The swamp dragon tramples you but does no damage.
Donald closely misses you.
The spriggan rider hits you from afar with a spear!
* * * LOW HITPOINT WARNING * * *
Donald says, "Hey, watch where you throw those lightning balls!"
Donald closely misses you.
The swamp dragon breathes poison at you.
The blast of poison engulfs you! You resist.
Donald is engulfed in poison gas.
Donald is poisoned.
The spriggan rider is engulfed in poison gas.
The spriggan rider is poisoned.
Donald is engulfed in poison gas.
Donald looks even sicker.
The spriggan rider is engulfed in poison gas.
The spriggan rider looks even sicker.
Donald is engulfed in poison gas.
Donald looks even sicker.
Donald hits you from afar with a demon trident of electrocution!!
You die...

♣≈.≈≈≈≈.≈♣≈≈.♣ ♣≈≈..≈≈♣.≈≈.≈♣
♣♣≈....≈.≈♣..♣♣
♣§.≈♣§.≈.≈♣...♣ ♣♣♣♣♣♣♣♣♣ *
♣♣..).....≈.≈♣♣♣♣.≈≈♣.≈≈♣ ,
♣♣...§##.....♣♣≈.≈...♣...≈ ≈
♣....§i###..≈..≈....≈♣♣..♣ ≈
,,,♣..#..§D@§§....≈≈..≈≈.♣§...
...#.#..##§@.#..≈≈..≈≈..≈≈≈.
≈≈...#.#...#§§....≈§..≈≈≈..≈≈≈
≈.≈.........[...≈≈§..........
♣♣ ...##.....#....♣♣...>.≈≈≈.
, *
♣........#.....♣♣§≈≈.≈.≈≈≈≈
...##...###....♣♣.≈.♣.≈≈≈.
*♣., #.......≈.♣♣♣♣♣♣♣♣...≈ ,*
♣......#..≈≈♣♣ ♣♣.≈<♣ , ≈≈
♣♣.......♣≈♣♣ ♣.≈≈≈.


You could see Donald, a swamp dragon and a spriggan rider.

Vanquished Creatures
  Frances (Swamp:1)
  Kirke (Lair:2)
  Fannar (D:11)
  5 hydras
  A centaur warrior (D:11)
  5 ghost crabs
  A death knight (D:10)
  5 alligators
  A two-headed ogre (D:11)
  A spriggan druid (Swamp:1)
  A swamp dragon (Swamp:1)
  A shambling mangrove (Swamp:2)
  An orc knight (D:11)
  10 ugly things
  2 elephants (Lair:3)
  Maurice (D:11)
  5 spiny frogs
  3 apocalypse crabs (Swamp:1)
  A black mamba (Lair:4)
  An ice statue (D:10)
  2 komodo dragons
  2 tyrant leeches
  2 trolls
  A jumping spider (Lair:4)
  9 hornets
  Grinder (D:3)
  6 bog bodies
  4 slime creatures (Swamp:2)
  7 hippogriffs
  A shadow (D:11)
  3 redbacks (Lair:3)
  Eustachio (D:6)
  A vampire (D:10)
  A wraith (D:11)
  4 wyverns
  15 yaks
  3 spriggans
  3 hogs
  2 basilisks
  11 vampire mosquitoes
  A hungry ghost (D:9)
  Edmund (D:5)
  14 insubstantial wisps
  14 swamp worms
  An acid dragon (D:11)
  Duvessa (D:6)
  2 water moccasins (Lair:4)
  7 porcupines
  4 swamp drakes
  7 orc warriors
  4 ice beasts
  4 sky beasts
  2 hornet zombies (D:11)
  5 phantoms
  11 wolves
  A black bear (D:7)
  2 eyes of draining (D:10)
  A necrophage (D:11)
  11 ogres
  12 centaurs
  8 crocodiles
  A big kobold (D:10)
  Blork the orc (D:6)
  A gnoll sergeant (D:11)
  11 bullfrogs
  Dowan (D:6)
  A wyvern skeleton (D:11)
  3 scorpions
  10 killer bees
  4 howler monkeys
  An electric eel (D:7)
  8 crimson imps
  2 centaur zombies (D:7)
  2 jellies
  A bullfrog skeleton (D:11)
  6 hounds
  3 centaur skeletons
  9 orc priests
  11 orc wizards
  Jessica (D:3)
  Ijyb (D:3)
  7 iguanas
  9 worker ants
  A hound zombie (D:7)
  A worker ant zombie (D:11)
  8 gnolls
  3 howler monkey skeletons
  12 adders
  4 shadow imps
  2 adder skeletons
  A worm (D:2)
  4 dart slugs
  2 leopard geckos
  36 orcs
  4 ball pythons
  6 bats
  3 giant cockroaches
  8 goblins
  4 hobgoblins
  8 jackals
  6 quokkas
  4 frilled lizards
  6 kobolds
  A leopard gecko zombie (D:6)
  2 rats
460 creatures vanquished.

Vanquished Creatures (collateral kills)
  A spriggan (Swamp:1)
1 creature vanquished.

Vanquished Creatures (others)
  A spriggan druid (Swamp:1)
  3 ugly things
  An elephant (Lair:3)
  The ghost of waaargh the Chopper, a novice DrCK of Xom (D:7)
  An apocalypse crab (Swamp:1)
  A shadow (Swamp:2)
  A swamp worm (Swamp:2)
  3 vampire mosquitoes
  A worker ant (D:7)
  A leopard gecko (D:7)
  3 fungi
  2 plants (Lair:3)
19 creatures vanquished.

Grand Total: 480 creatures vanquished

Notes
Turn   | Place    | Note
-------+----------+-------------------------------------------
     0 | D:1      | Jens78 the Deep Dwarf Fighter began the quest for the Orb.
     0 | D:1      | Reached XP level 1. HP: 20/20 MP: 1/1
   324 | D:1      | Reached XP level 2. HP: 24/27 MP: 2/2
   675 | D:3      | Noticed Jessica
   692 | D:3      | Killed Jessica
   692 | D:3      | Reached XP level 3. HP: 28/33 MP: 3/3
   995 | D:4      | Noticed a bullfrog
  1001 | D:3      | Reached XP level 4. HP: 28/40 MP: 4/4
  2143 | D:3      | Reached XP level 5. HP: 22/46 MP: 5/5
  2259 | D:3      | Found an ancient bone altar of Kikubaaqudgha.
  2270 | D:3      | Found a deep blue altar of Sif Muna.
  2272 | D:3      | Found a radiant altar of Vehumet.
  2275 | D:3      | Identified Kikubaaqudgha's Papyrus of Sinister Arts
  2371 | D:3      | Noticed Grinder
  2371 | D:3      | Noticed Ijyb
  2411 | D:3      | Paralysed by Grinder for 6 turns
  2423 | D:3      | HP: 1/46 [Grinder/nerve-wracking pain (11)]
  2425 | D:3      | Paralysed by Grinder for 2 turns
  2504 | D:3      | Paralysed by Grinder for 4 turns
  2517 | D:3      | Killed Ijyb
  2517 | D:3      | Reached skill level 5 in Axes
  2528 | D:3      | Killed Grinder
  2528 | D:3      | Reached XP level 6. HP: 51/55 MP: 5/5
  2853 | D:4      | Reached XP level 7. HP: 38/61 MP: 6/6
  2874 | D:4      | Got a vibrating golden ring
  2947 | D:4      | HP: 3/61 [orc priest/morningstar (1)]
  2965 | D:4      | Reached skill level 5 in Shields
  2982 | D:4      | Identified the ring of Anoxeock {Fire Int+7} (You found it on level 4 of the Dungeon)
  3055 | D:5      | Entered Level 5 of the Dungeon
  3499 | D:5      | Reached skill level 5 in Armour
  3503 | D:5      | Reached XP level 8. HP: 46/68 MP: 5/5
  3622 | D:5      | Got an ancient cloak
  3628 | D:5      | Identified the cursed +0 cloak of the Leaf {MR+} (You found it on level 5 of the Dungeon)
  3791 | D:6      | Noticed Dowan
  3791 | D:6      | Noticed Duvessa
  3825 | D:5      | Noticed Edmund
  3843 | D:5      | Killed Edmund
  3878 | D:5      | Found Fets's Gadget Boutique.
  3923 | D:5      | Found an ornate altar of the Wu Jian Council.
  3945 | D:5      | Reached skill level 10 in Axes
  4139 | D:6      | Killed Duvessa
  4162 | D:6      | Killed Dowan
  4213 | D:6      | Gained mutation: You passively map the area around you. [Deep Dwarf growth]
  4213 | D:6      | Reached XP level 9. HP: 28/78 MP: 0/6
  4261 | D:6      | Found a blossoming altar of Fedhas.
  4541 | D:6      | Reached skill level 1 in Evocations
  4679 | D:6      | Found a sacrificial altar of Ru.
  4704 | D:6      | Noticed Blork the orc
  4768 | D:6      | Noticed Eustachio
  4784 | D:6      | Killed Eustachio
  4801 | D:6      | Killed Blork the orc
  5048 | D:6      | Noticed an oklob plant
  5264 | D:6      | Found a stormy altar of Qazlal.
  5392 | D:7      | Noticed waaargh's ghost (novice DrCK)
  5499 | D:7      | Reached skill level 5 in Fighting
  5643 | D:7      | Killed waaargh's ghost
  5645 | D:7      | Found a shimmering altar of Xom.
  5647 | D:7      | Found a shattered altar of Ashenzari.
  5647 | D:7      | Found a burning altar of Makhleb.
  5649 | D:7      | Found a white marble altar of Elyvilon.
  5649 | D:7      | Found a white marble altar of Elyvilon.
  5649 | D:7      | Found a shattered altar of Ashenzari.
  5813 | D:7      | Found a staircase to the Ecumenical Temple.
  5825 | Temple   | Entered the Ecumenical Temple
  6048 | Temple   | Became a worshipper of Makhleb the Destroyer
  6156 | D:7      | Found Pueco's Antique Armour Emporium.
  6568 | D:9      | Reached XP level 10. HP: 36/91 MP: 0/9
  6634 | D:10     | Entered Level 10 of the Dungeon
  6690 | D:9      | Reached * piety under Makhleb
  6703 | D:9      | HP: 4/91 [ogre/giant club (17)]
  6851 | D:8      | Found Tiumaumi's Antique Armour Boutique.
  6976 | D:8      | Found a glowing silver altar of Zin.
  7224 | D:8      | Found an opulent altar of Gozag.
  7448 | D:9      | Reached skill level 5 in Evocations
  7746 | D:10     | Reached skill level 10 in Armour
  8073 | D:10     | Reached skill level 1 in Maces & Flails
  8089 | D:10     | Reached skill level 1 in Invocations
  8231 | D:11     | Noticed a death knight
  8235 | D:11     | Noticed Maurice
  8351 | D:10     | Reached ** piety under Makhleb
  8516 | D:11     | Noticed a white ugly thing
  8660 | D:10     | Noticed an ice statue
  8691 | D:10     | Killed an ice statue
  8932 | D:10     | Reached skill level 5 in Maces & Flails
  8979 | D:10     | Reached XP level 11. HP: 36/100 MP: 0/5
  9297 | D:10     | Killed a death knight
  9436 | D:11     | Noticed an eight-headed hydra
  9446 | D:11     | Noticed a two-headed ogre
  9449 | D:11     | Killed an eight-headed hydra
  9452 | D:11     | Noticed an orc knight
  9457 | D:11     | Killed a two-headed ogre
  9474 | D:11     | Killed an orc knight
  9528 | D:11     | Reached *** piety under Makhleb
  9601 | D:11     | Paralysed by a hornet for 2 turns
  9611 | D:11     | Reached skill level 5 in Invocations
  9658 | D:11     | Noticed a centaur warrior
  9665 | D:11     | Killed a centaur warrior
 10179 | D:11     | Reached XP level 12. HP: 112/112 MP: 0/5
 10200 | D:11     | Found a sparkling altar of Nemelex Xobeh.
 10230 | D:11     | Got a warped helmet
 10241 | D:11     | Identified the +2 helmet of the New World {-Tele rPois Str+8 Int-3} (You found it on level 11 of the Dungeon)
 10249 | D:11     | Reached skill level 10 in Maces & Flails
 10249 | D:11     | Reached XP level 13. HP: 96/121 MP: 0/6
 10250 | D:11     | Identified a scroll of acquirement
 10333 | D:11     | Found a staircase to the Lair.
 10397 | D:11     | HP: 3/121 [white ugly thing (27)]
 10400 | D:11     | Reached **** piety under Makhleb
 10459 | D:11     | Noticed Fannar
 10495 | D:11     | Killed Fannar
 10504 | D:11     | Killed Maurice
 10705 | Lair:1   | Entered Level 1 of the Lair of Beasts
 11058 | Lair:1   | Got a polished flail
 11143 | Lair:1   | Identified the +1 flail of the Well-Known Moons {vamp, +Blink} (You found it on level 1 of the Lair of Beasts)
 11323 | Lair:2   | Found a staircase to the Swamp.
 12397 | Swamp:1  | Entered Level 1 of the Swamp
 12441 | Swamp:1  | Noticed Kirke
 12933 | Lair:4   | Found a hole to the Spider Nest.
 13001 | Lair:4   | Reached ***** piety under Makhleb
 13944 | Lair:2   | Killed Kirke
 13989 | Swamp:1  | Noticed Frances
 14000 | Swamp:1  | Killed Frances
 14125 | Swamp:1  | Reached skill level 10 in Fighting
 14126 | Swamp:1  | Gained mutation: You resist negative energy. (rN+) [Deep Dwarf growth]
 14126 | Swamp:1  | Reached XP level 14. HP: 59/132 MP: 6/8
 14126 | Swamp:1  | HP: 2/132 [white ugly thing (50)]
 14371 | Swamp:1  | Found a runed door.
 14480 | Swamp:1  | Paralysed by you for 6 turns
 15402 | Swamp:2  | Noticed a brown very ugly thing
 15416 | Swamp:2  | Banished a red very ugly thing
 16068 | Swamp:2  | Got a scintillating amethyst amulet
 16069 | Swamp:2  | Identified the amulet "Debbuj" {Harm *Drain rPois rF+ Int+3 Dex-3} (You acquired it on level 2 of the Swamp)
 16294 | Swamp:4  | Entered Level 4 of the Swamp
 16384 | Swamp:3  | Noticed Donald
 16395 | Swamp:3  | Mangled by Donald

Skill      XL: |  1  2  3  4  5  6  7  8  9 10 11 12 13 14 |
---------------+-------------------------------------------+-----
Axes           | 3 4 6 8 10 14 | 14.1
Armour         | 4 5 8 10 12 13 14 | 14.2
Shields        | 4 5 6 7 8 |  8.1
Fighting       | 3 5 7 8 9 10 | 10.4
Evocations     | 4 5 6 7 |  7.0
Maces & Flails | 5 9 10 11 | 11.7
Invocations    | 2 5 |  5.0

Action                   |  1- 3 |  4- 6 |  7- 9 | 10-12 | 13-15 || total
-------------------------+-------+-------+-------+-------+-------++-------
Melee: War axe           |    88 |   141 |   223 |       |       ||   452
       Unarmed           |       |    18 |       |       |     5 ||    23
       Dire flail        |       |       |   299 |   322 |   280 ||   901
       Falchion          |       |       |    23 |       |       ||    23
       Morningstar       |       |       |       |   254 |       ||   254
       Executioner's axe |       |       |       |       |   479 ||   479
Throw: Stone             |     4 |     3 |       |       |       ||     7
       Tomahawk          |       |     4 |     3 |       |       ||     7
Invok: Lesser Servant of |       |       |       |       |     3 ||     3
 Abil: Heal Wounds       |       |     3 |     8 |    13 |    15 ||    39
Evoke: Wand              |       |       |     1 |       |       ||     1
  Use: Scroll            |       |     8 |    11 |    18 |    18 ||    55
       Potion            |       |       |     3 |     5 |     5 ||    13
 Stab: Confused          |       |     1 |       |       |       ||     1
       Paralysed         |       |       |     1 |       |       ||     1
  Eat: Chunk             |       |     3 |    12 |    16 |    12 ||    43
       Ration            |       |     1 |       |       |     3 ||     4
Armor: Scale mail        |     9 |       |       |       |       ||     9
       Chain mail        |    21 |       |       |       |       ||    21
       Storm dragon scal |    25 |    78 |   406 |   480 |   710 ||  1699
       Skin              |       |    13 |       |       |       ||    13
Dodge: Dodged            |    31 |    36 |   214 |   230 |   331 ||   842
Block: Shield            |    53 |    80 |    98 |       |       ||   231
       Rpst.: Falchion   |       |       |     3 |       |       ||     3
